 Dungeon Crawl Stone Soup version 0.30-a0-439-g9e77e4d916 (webtiles) character file.

Game seed: 10629305395575966945

13444 ragingrage the Slicer (level 12, -3/61 HPs)
             Began as a Vine Stalker Brigand on Dec 9, 2022.
             Was a Follower of Uskayaw.
             Slain by a sun demon (9 damage)
             ... on level 13 of the Dungeon on Dec 10, 2022.
             The game lasted 00:15:54 (11121 turns).

ragingrage the Slicer (Vine Stalker Brigand)       Turns: 11121, Time: 00:15:55

Health: -3/61      AC:  9    Str: 15    XL:     12   Next: 6%
Magic:  0/16       EV: 13    Int: 11    God:    Uskayaw [*.....]
Gold:   596        SH:  6    Dex: 20    Spells: 11/11 levels left

rFire   . . .      SeeInvis .    b - +5 dagger (freeze)
rCold   + . .      Faith    +    M - +0 buckler
rNeg    . . .      Spirit   +    H - +1 ring mail {rPois}
rPois   +          Reflect  .    z - +0 helmet
rElec   .          Harm     .    u - scarf {repulsion}
rCorr   .          Rampage  .    A - +0 pair of gloves
Will    +....                    (no boots)
Stlth   ++++......               t - amulet of faith
HPRegen 1.10/turn                F - ring of protection from cold
MPRegen 0.15/turn                Q - ring of flight

@: flying, repel missiles
A: fangs 3, regeneration 1, magic shield, antimagic bite, no potion heal 2
a: Renounce Religion, Stomp


You were on level 13 of the Dungeon.
You worshipped Uskayaw.
Uskayaw was noncommittal.
You visited 2 branches of the dungeon, and saw 15 of its levels.

You collected 659 gold pieces.
You spent 63 gold pieces at shops.

Inventory:

Hand Weapons
 a - a +4 dagger of venom
 b - a +5 dagger of freezing (weapon)
 c - a +1 dagger of holy wrath
 l - a +2 dagger
 K - a +2 short sword of protection
 O - a +1 shortbow of electrocution
Missiles
 d - 43 poisoned darts (quivered)
 e - 9 curare-tipped darts
 B - 2 throwing nets
Armour
 q - a +1 leather armour of cold resistance
 u - a scarf of repulsion (worn)
 x - a +0 leather armour of fire resistance
 z - a +0 helmet (worn)
 A - a +0 pair of gloves (worn)
 H - a +1 ring mail of poison resistance (worn)
 L - a +0 cloak
 M - a +0 buckler (worn)
Jewellery
 t - an amulet of faith (around neck)
 F - a ring of protection from cold (left hand)
 Q - a ring of flight (right hand)
Wands
 p - a wand of flame (77)
 w - a wand of roots (17)
 J - a wand of quicksilver (3)
 N - a wand of polymorph (5)
 S - a wand of mindburst (5)
 T - a wand of digging (8)
Scrolls
 f - 2 scrolls of magic mapping
 i - 2 scrolls of enchant weapon {unknown}
 j - 5 scrolls of identify
 k - 3 scrolls of fear
 m - 2 scrolls of butterflies
 n - 2 scrolls of teleportation
 y - 2 scrolls of vulnerability
 I - 2 scrolls of enchant armour
 P - a scroll of summoning {unknown}
 R - a scroll of amnesia {unknown}
 U - 2 scrolls of immolation {unknown}
Potions
 g - a potion of ambrosia {unknown}
 h - 3 potions of curing
 o - 2 potions of might
 r - 4 potions of flight
 s - a potion of mutation
 v - 2 potions of haste
 C - 2 potions of cancellation
 D - 3 potions of invisibility
 E - a potion of lignification {unknown}
 G - 2 potions of degeneration {unknown}


   Skills:
 + Level 6.2 Fighting
 - Level 10.0 Short Blades
 - Level 6.0 Throwing
 + Level 5.3 Armour
 + Level 5.5 Dodging
 + Level 10.0 Stealth
 + Level 3.6 Shields
 + Level 4.7 Invocations


You had 11 spell levels left.
You didn't know any spells.
Your spell library contained the following spells:

 Spells                   Type           Power      Damage    Failure   Level
 Summon Small Mammal      Summ           0%         N/A       65%         1
 Static Discharge         Conj/Air       0%         2-2/arc   78%         2
 Call Canine Familiar     Summ           0%         N/A       95%         3
 Summon Guardian Golem    Hex/Summ       0%         N/A       95%         3
 Vhi's Electric Charge    Tloc/Air       0%         N/A       95%         3
 Airstrike                Air            0%         2d(0-16)  100%        4
 Leda's Liquefaction      Hex/Erth       0%         N/A       100%        4
 Summon Lightning Spire   Summ/Air       0%         N/A       100%        4
 Arcjolt                  Conj/Air       0%         1d10      100%        5
 Lee's Rapid Deconstruct  Erth           0%         3d4*      100%        5
 Lightning Bolt           Conj/Air       0%         1d11      100%        5
 Statue Form              Tmut/Erth      0%         N/A       100%        6


Dungeon Overview and Level Annotations

Branches:
Dungeon (14/15)            Temple (1/1) D:4            Lair (0/5) D:9
    Orc (0/2) D:12
 Vaults: D:13-14

Altars:
Ashenzari
Cheibriados
Dithmenos
Elyvilon
Fedhas
Gozag
Hepliaklqana
Kikubaaqudgha
Makhleb
Nemelex Xobeh
Okawaru
Qazlal
Ru
Sif Muna
Trog
Uskayaw
Vehumet
Wu Jian
Xom
Yredelemnul
Zin
The Shining One

Shops:
D:2 [   D:4 (   D:9 [   D:11 *

Annotations:
D:4 1 runed translucent door, Crazy Yiuf
D:5 1 runed translucent door, retardedninja's ghost, novice HOFi
D:8 Amaemon


Innate Abilities, Weirdness & Mutations

You have razor-sharp teeth.
Your natural rate of healing is unusually fast.
When hurt, damage is shared between your health and your magic reserves.
Your bite disrupts and absorbs the magic of your enemies.
Potions cannot restore your health.


Message History

The smoke demon is almost dead.
Uskayaw will force your foes to helplessly watch your dance.
Uskayaw prepares the audience for your solo!
The helpless smoke demon fails to defend itself.
You stick the smoke demon like a pincushion!!!!
You freeze the smoke demon.
You kill the smoke demon!
Your Stealth skill increases to level 10!
You start resting.
HP restored.
Throw: 43 darts (poison)
Press: ? - help, Q - select action, (/) - cycle Shift-Dir - straight line
Okay, then.
You now have 596 gold pieces (gained 14).
Unknown command.
You reach down and open the door.
Your attacks no longer feel as feeble.
There is an open door here.
A wizard comes into view. It is wielding a +1 dagger of venom.
The wizard shouts!
The wizard casts a spell.
The wizard flickers and vanishes!
Deactivating autopickup; reactivate with Ctrl-A.
There is a stone staircase leading up, spattered with blood here.
Okay, then.
You fly upwards.
Reactivating autopickup.
The sun demon hits you.
You are engulfed in flames!!
You block the sun demon's attack. The sun demon closely misses you.
There is a stone staircase leading down here.
Okay, then.
The sun demon closely misses you.
As you read the scroll of butterflies, it crumbles to dust.
You hear the tinkle of a tiny bell.
The sun demon hits you!
You are engulfed in flames!!
* * * LOW HITPOINT WARNING * * *
The sun demon hits you!
* * * LOW HITPOINT WARNING * * *
You are engulfed in flames!
You die...

... ...:#○E..
.. #.. ..#=#..
.°# #.. .....
..#
#.##..b##.# #
#.....b.#
#.### #..bbb#
....###.bb## ≈
#.b###3###~≈≈≈
#bbb@3bbb≈≈≈≈
###b########≈
#b# #####b#
#.....#
#.##### ###
#.# #.#
#.#####
####.####
#.....#
#!.....<#


You could see 2 sun demons.

Vanquished Creatures
  Snorg (D:11)
  2 two-headed ogres
  Pikel (D:5)
  A deep elf pyromancer (D:12)
  A cyclops (D:11)
  An ugly thing (D:12)
  A smoke demon (D:14)
  An unseen horror (D:12)
  A kobold demonologist (D:6)
  A komodo dragon (D:9)
  6 slime creatures
  A troll (D:12)
  Grinder (D:3)
  A shadow (D:11)
  Sigmund (D:3)
  7 yaks
  3 wyverns
  4 wraiths
  A basilisk (D:12)
  A steam dragon (D:7)
  Eustachio (D:5)
  4 vampire mosquitoes (D:12)
  An acid dragon (D:9)
  2 water moccasins (D:6)
  Duvessa (D:5)
  5 orc warriors
  A black bear (D:9)
  2 ice beasts
  A sky beast (D:7)
  An ogre (D:5)
  5 centaurs
  2 kobold brigands
  2 phantoms
  3 bullfrogs
  A gnoll sergeant (D:9)
  A necrophage (D:7)
  2 scorpions
  4 wights (D:8)
  Dowan (D:5)
  3 killer bees (D:10)
  A howler monkey (D:12)
  3 hounds
  A jelly (D:5)
  10 orc priests
  2 gnoll boudas
  3 iguanas
  8 orc wizards
  26 gnolls
  6 adders
  2 white imps
  3 worms (D:4)
  2 dart slugs
  35 orcs
  8 endoplasms
  2 giant cockroaches
  6 goblins
  8 hobgoblins
  3 jackals (D:1)
  19 kobolds
  3 quokkas
  6 ball pythons
  6 bats
  4 frilled lizards
  6 rats
253 creatures vanquished.

Vanquished Creatures (others)
  15 fungi (D:9)
  21 plants
36 creatures vanquished.

Grand Total: 289 creatures vanquished

Notes
Turn   | Place    | Note
-------+----------+-------------------------------------------
     0 | D:1      | ragingrage the Vine Stalker Brigand began the quest for the
                  | Orb.
     0 | D:1      | Reached XP level 1. HP: 11/11 MP: 2/2
   123 | D:1      | Reached XP level 2. HP: 14/15 MP: 1/3
   468 | D:1      | Reached XP level 3. HP: 9/18 MP: 4/4
   774 | D:2      | Gained mutation: Your natural rate of healing is unusually
                  | fast. [Vine Stalker growth]
   774 | D:2      | Reached XP level 4. HP: 22/23 MP: 3/5
  1072 | D:2      | Found Yduaziek's Armour Shoppe.
  1318 | D:3      | Noticed Grinder
  1318 | D:3      | Paralysed by Grinder for 3 turns
  1443 | D:3      | Found a radiant altar of Vehumet.
  1450 | D:3      | Found a glowing silver altar of Zin.
  1593 | D:3      | Noticed Sigmund
  1608 | D:3      | Killed Sigmund
  1609 | D:3      | Reached skill level 5 in Short Blades
  1609 | D:3      | Reached XP level 5. HP: 18/26 MP: 4/6
  1609 | D:3      | Reached XP level 6. HP: 21/30 MP: 4/7
  2020 | D:3      | Killed Grinder
  2021 | D:3      | Reached XP level 7. HP: 34/34 MP: 8/8
  2386 | D:4      | Found Teateop's Antique Weapon Shop.
  2576 | D:4      | Found a sparkling altar of Nemelex Xobeh.
  2837 | D:4      | Found a staircase to the Ecumenical Temple.
  2870 | Temple   | Entered the Ecumenical Temple
  3196 | D:4      | Found a runed translucent door.
  3197 | D:4      | Noticed Crazy Yiuf
  3418 | D:5      | Entered Level 5 of the Dungeon
  3519 | D:4      | Gained mutation: You have razor-sharp teeth. [Vine Stalker
                  | growth]
  3519 | D:4      | Reached XP level 8. HP: 37/38 MP: 9/9
  3694 | D:5      | Noticed Pikel
  3723 | D:5      | Killed Pikel
  3791 | D:5      | Noticed retardedninja's ghost (novice HOFi)
  3794 | D:5      | Found a runed translucent door.
  3797 | D:5      | Noticed Eustachio
  3993 | D:5      | Reached skill level 10 in Short Blades
  4109 | D:5      | Killed Eustachio
  4110 | D:5      | Reached skill level 1 in Dodging
  4110 | D:5      | Reached skill level 5 in Stealth
  4110 | D:5      | Reached XP level 9. HP: 42/42 MP: 10/10
  4173 | D:5      | Reached skill level 1 in Armour
  4300 | D:5      | Noticed Duvessa
  4300 | D:5      | Noticed Dowan
  4306 | D:5      | Killed Dowan
  4592 | D:6      | Identified the +6 battleaxe "Weehas" {venom, rC+ Str+7
                  | Dex-2}
  5752 | D:5      | Killed Duvessa
  6202 | D:7      | Reached XP level 10. HP: 36/49 MP: 7/11
  6270 | D:7      | Noticed a kobold demonologist
  6302 | D:7      | Noticed a rust devil
  6317 | D:6      | Killed a kobold demonologist
  6527 | D:7      | Found a stormy altar of Qazlal.
  6527 | D:7      | Found an ornate altar of the Wu Jian Council.
  6535 | D:7      | Found a faded altar of an unknown god.
  6537 | D:7      | Found a hide-covered altar of Uskayaw.
  6539 | D:7      | Found an opulent altar of Gozag.
  6543 | D:7      | Became a worshipper of Uskayaw the Reveller
  6628 | D:8      | Reached * piety under Uskayaw
  6636 | D:8      | Reached ** piety under Uskayaw
  6879 | D:8      | Noticed Amaemon
  6879 | D:8      | Noticed an orange demon
  7055 | D:9      | Found Cysekaupad's Armour Emporium.
  7091 | D:9      | Reached *** piety under Uskayaw
  7092 | D:9      | Reached **** piety under Uskayaw
  7099 | D:9      | Reached ***** piety under Uskayaw
  7550 | D:8      | Reached skill level 1 in Invocations
  7920 | D:9      | Found a staircase to the Lair.
  7950 | D:9      | Noticed a two-headed ogre
  7959 | D:9      | Killed a two-headed ogre
  8144 | D:10     | Entered Level 10 of the Dungeon
  8283 | D:10     | Reached skill level 5 in Throwing
  8289 | D:10     | Reached skill level 5 in Fighting
  8334 | D:10     | Reached skill level 1 in Shields
  8410 | D:10     | Reached XP level 11. HP: 55/55 MP: 14/14
  8954 | D:11     | Found Noch's Assorted Antiques.
  8957 | D:11     | Bought a scroll labelled NAESUIG AZIJA for 22 gold pieces
  8957 | D:11     | Bought a scroll labelled KAHUDD VOTI for 22 gold pieces
  8957 | D:11     | Bought a silvery potion for 19 gold pieces
  9156 | D:11     | Noticed Snorg
  9156 | D:11     | Noticed a cyclops
  9564 | D:11     | Killed Snorg
  9583 | D:11     | Killed a cyclops
  9707 | D:11     | Upgraded the game from 0.30-a0-424-g7412bad402 to
                  | 0.30-a0-439-g9e77e4d916
  9892 | D:11     | Reached skill level 5 in Dodging
  9999 | D:12     | Reached ****** piety under Uskayaw
 10016 | D:12     | Noticed a green ugly thing
 10044 | D:12     | Killed a green ugly thing
 10045 | D:12     | Reached skill level 5 in Armour
 10108 | D:12     | Found a staircase to the Orcish Mines.
 10157 | D:12     | Noticed a two-headed ogre
 10169 | D:12     | Killed a two-headed ogre
 10589 | D:12     | Noticed a deep elf pyromancer
 10600 | D:12     | Killed a deep elf pyromancer
 10630 | D:12     | Reached XP level 12. HP: 49/61 MP: 12/16
 11065 | D:13     | Noticed a sun demon
 11066 | D:13     | Noticed a salamander tyrant
 11066 | D:13     | Noticed a sun demon
 11086 | D:14     | Reached skill level 10 in Stealth
 11121 | D:13     | Slain by a sun demon

Illustrated notes

Levels and vault maps discovered:
D:1:      zelgadis_glass_arrival_small, layout_basic
D:2:      cheibrodos_old_hovel, layout_loops_cross, serial_shops,
          nicolae_square_shop, minmay_shallow_snake_nest
D:3:      layout_loops_ring, amethyst_overflow_temple_binary,
          kennysheep_cluttered_room, chequers_big_river, grunt_ministairs_8,
          uniq_grinder, uniq_sigmund
D:4:      layout_basic, nemelex_diamond_rough_becter, minmay_temple_entry_ruins,
          serial_shops, shop, uniq_crazy_yiuf_cottage
D:5:      layout_rooms, hellmonk_ghost_happy_afterlife, uniq_pikel,
          uniq_duvessa, uniq_eustachio
D:6:      layout_rooms
D:7:      layout_basic, chequers_temple_overflow_minitemple, nrook_mini_vaults
D:8:      layout_basic, uniq_amaemon
D:9:      layout_basic, grunt_lair_entry_orc_guard_hut, serial_shops, shop
D:10:     layout_long_grid
D:11:     layout_basic, nicolae_stop_n_shop_2, uniq_snorg
D:12:     layout_stronghold, david_orc_3, david_defended_altar_orc
D:13:     minmay_firetagon, layout_basic, grunt_vaults_entry_tiered,
          nicolae_trove_entry_free_sample, eino_jars
D:14:     layout_gridville
Temple:   regret_index_temple_generic_petals

Skill      XL: |  1  2  3  4  5  6  7  8  9 10 11 12 |
---------------+-------------------------------------+-----
Short Blades   | 2 3 5 6 8 10 | 10.0
Fighting       | 2 3 5 6 |  6.2
Throwing       | 2 3 5 6 |  6.0
Dodging        | 1 3 4 5 |  5.5
Stealth        | 5 7 8 9 10 | 10.0
Armour         | 3 4 5 |  5.3
Invocations    | 2 4 |  4.7
Shields        | 1 3 |  3.6

Action                   |  1- 3 |  4- 6 |  7- 9 | 10-12 || total
-------------------------+-------+-------+-------+-------++-------
Melee: Dagger            |    76 |    82 |   388 |   478 ||  1024
       Bite              |    12 |    21 |   132 |   192 ||   357
       Punch             |     1 |     1 |     8 |     1 ||    11
Throw: Dart              |       |       |     4 |     6 ||    10
       Throwing net      |       |       |     2 |     2 ||     4
Evoke: Wand              |       |     7 |     1 |       ||     8
  Use: Scroll            |       |       |     6 |     9 ||    15
 Stab: Sleeping          |     4 |     6 |     5 |     6 ||    21
       Distracted        |       |     1 |       |     2 ||     3
       Paralysed         |       |       |       |    25 ||    25
       Held in net/web   |       |       |       |     1 ||     1
Armor: Robe              |    29 |     9 |       |       ||    38
       Leather armour    |       |     3 |       |       ||     3
       Ring mail         |       |     1 |    70 |    76 ||   147
Dodge: Dodged            |    57 |    28 |   160 |   165 ||   410
       Repelled          |       |       |     2 |       ||     2
Block: Buckler           |       |       |       |    31 ||    31

Table legend: (Time is in decaauts)
 A = Elapsed time spent in this place.
 B = Non-inter-level travel time spent in this place.
 C = Inter-level travel time spent in this place.
 D = Time resting spent in this place.
 E = Time spent auto-exploring this place.
 F = Levels seen in this place.
 G = Mean time per level.
                   A        B        C        D        E       F      G
               +--------+--------+--------+--------+--------+-----+--------+
         Total |  10701 |   9891 |    810 |   1206 |   6339 |  15 |  713.4 |
       Dungeon |  10442 |   9661 |    781 |   1193 |   6138 |  14 |  745.9 |
        Temple |    258 |    229 |     29 |     13 |    201 |   1 |  258.0 |
               +--------+--------+--------+--------+--------+-----+--------+

Top non-repeatable levels by time:
     D:3: 1373 daAuts
     D:4: 1106 daAuts
     D:7: 1082 daAuts
    D:12: 1072 daAuts
    D:11: 872 daAuts
    D:10: 784 daAuts
     D:9: 777 daAuts
     D:6: 769 daAuts
     D:5: 655 daAuts
     D:2: 623 daAuts
     D:8: 620 daAuts
     D:1: 609 daAuts
  Temple: 258 daAuts
    D:13: 54 daAuts
    D:14: 40 daAuts
